Map: Cyber Forest LE

Players

Mez

  • Race: Terran Terran
  • League: Master
  • Spawn Location: 5:00

Isaac - Winner!

  • Race: Protoss Protoss
  • League: Master
  • Spawn Location: 11:00

VOD

Have the link to the VOD?

Description

Time

  • Played on: Aug. 16, 2019, 4:28 p.m.
  • Length: 11:30
Show
View Real Time Build Order
Export as new Build Order

Mez Terran 

Build Orders: Reaper Expand 

Get SALT Encoding   

  12  0:01  SCV  
  13  0:13  SCV  
  14  0:18  Supply Depot  
  14  0:25  SCV  
  15  0:40  SCV  
  15  0:42  Barracks  
  16  0:49  Refinery  
  16  0:52  SCV  
  17  1:04  SCV  
  18  1:16  SCV  
  19  1:29  Orbital Command  
  19  1:33  Reaper  
  20  1:41  Command Center  
  20  1:56  Supply Depot  
  20  2:02  Bunker  
  20  2:03  SCV  
  21  2:12  Barracks Reactor  
  21  2:15  SCV  
  22  2:33  Command Center  
  22  2:40  SCV  
  23  2:44  Factory  
  23  2:48  Marine x2  
  25  2:52  SCV  
  26  2:59  Orbital Command  
  26  3:03  Refinery  
  26  3:05  SCV  
  27  3:10  Marine x2  
  29  3:18  SCV  
  30  3:25  SCV  
  31  3:29  Widow Mine  
  31  3:30  Starport  
  31  3:33  SCV  
  34  3:35  Marine  
  34  3:36  Marine  
  34  3:38  SCV  
  37  3:45  SCV  
  37  3:47  Orbital Command  
  38  3:50  SCV  
  38  3:52  Widow Mine  
  38  3:55  Refinery  
  41  3:59  Marine  
  41  4:00  SCV, Marine  
  41  4:02  SCV  
  45  4:09  Starport Tech Lab  
  45  4:13  SCV  
  45  4:14  SCV  
  49  4:17  Supply Depot  
  49  4:20  Marine x2  
  49  4:22  Factory Tech Lab  
  49  4:23  SCV  
  50  4:25  SCV  
  50  4:28  Raven  
  53  4:32  SCV, Barracks  
  53  4:35  SCV  
  53  4:37  Marine  
  53  4:38  Marine  
  57  4:41  Siege Tank  
  57  4:42  SCV  
  57  4:44  SCV  
  62  4:55  SCV x2  
  62  4:57  Marine x2  
  62  4:58  Refinery  
  66  5:01  Barracks  
  66  5:04  SCV  
  67  5:07  SCV  
  67  5:10  Supply Depot  
  67  5:11  Supply Depot  
  68  5:16  Siege Tank  
  68  5:20  Starport Reactor, SCV x3  
  74  5:29  Engineering Bay  
  74  5:30  Stimpack  
  74  5:32  Engineering Bay, SCV x2  
  74  5:33  Marauder  
  74  5:35  Marine x2  
  79  5:38  Orbital Command  
  80  6:02  Marine x2  
  80  6:03  Marauder, Medivac x2  
  88  6:08  Terran Infantry Armor Level 1, Terran Infantry Weapons Level 1  
  88  6:09  Barracks, Supply Depot  
  88  6:11  SCV, Barracks, Supply Depot  
  88  6:12  SCV  
  88  6:14  SCV  
  91  6:20  Marauder  
  93  6:30  SCV  
  93  6:31  SCV x2, Marauder, Supply Depot  
  93  6:32  Marine x2, Supply Depot  
  99  6:34  Combat Shield  
  99  6:37  Medivac x2  
  103  6:42  SCV  
  103  6:43  SCV x2  
  103  6:45  Refinery  
  106  6:51  Armory  
  104  6:59  Supply Depot x2  
  104  7:06  Marine x2  
  104  7:07  Barracks Reactor  
  104  7:08  Marauder x2  
  111  7:11  Supply Depot  
  111  7:12  Barracks Tech Lab  
  111  7:13  SCV x3, Supply Depot  
  113  7:18  Refinery, Medivac  
  113  7:19  Medivac  
  117  7:24  Marine x2  
  117  7:25  SCV x3, Factory Reactor  
  122  7:37  SCV  
  122  7:41  Marine, Marauder x2  
  122  7:42  Marine  
  130  7:48  Marine  
  132  7:53  Medivac  
  132  7:54  Medivac  
  132  7:58  Marine  
  132  7:59  Marine  
  132  8:00  Marine  
  132  8:02  Marauder  
  116  8:09  Marine  
  116  8:11  Orbital Command  
  98  8:16  Marine  
  98  8:17  Marine x2  
  96  8:23  Marine  
  97  8:27  Marine  
  97  8:30  Medivac  
  99  8:34  Marine  
  99  8:35  Marine x2  
  99  8:41  Marine  
  103  8:57  Supply Depot  
  103  8:58  Supply Depot  
  103  8:59  Supply Depot  
  103  9:04  Starport Reactor  
  103  9:08  Command Center  
  103  9:19  Marine  
  103  9:20  Widow Mine, Marauder  
  103  9:21  Widow Mine, Marine, Marauder  
  103  9:22  Concussive Shells, Refinery  
  111  9:24  Barracks Reactor  
  111  9:32  Barracks  
  111  9:33  Barracks  
  111  9:37  Marine  
  105  9:47  Marine  
  105  9:48  Marauder, Medivac x2  
  105  9:51  Orbital Command  
  89  9:54  Marine  
  80  10:05  Widow Mine, Marine  
  78  10:08  Liberator x2  
  78  10:24  Supply Depot  
  78  10:25  SCV, Marine x4, Supply Depot  
  78  10:26  Widow Mine, SCV  
  92  10:37  SCV  
  92  10:39  SCV  
  92  10:41  Barracks Reactor, Barracks Tech Lab  
  92  10:42  Marine  
  95  10:43  Marine  
  95  10:46  Marine x2  
  95  10:49  SCV  
  98  10:51  SCV  
  98  10:53  Widow Mine  
Show
View Real Time Build Order
Export as new Build Order

Isaac Protoss - Winner!

Build Orders: 1 Gate Expand, Double Forge, Blink Stalkers 

Get SALT Encoding   

  12  0:00  Probe  
  13  0:13  Probe  
  14  0:18  Pylon  
  14  0:24  Probe  
  15  0:32  Probe  
  15  0:39  Gateway  
  15  0:40  Probe  
  16  0:47  Assimilator  
  17  0:51  Probe  
  18  0:59  Probe  
  19  1:08  Probe  
  20  1:26  Cybernetics Core  
  20  1:33  Nexus  
  20  1:37  Probe  
  21  1:41  Assimilator  
  21  1:49  Probe  
  21  1:52  Pylon  
  22  2:01  Stalker  
  22  2:02  Probe  
  22  2:06  Warp Gate  
  23  2:14  Probe  
  26  2:20  Twilight Council  
  26  2:26  Probe  
  26  2:27  Blink  
  27  2:30  Stalker  
  28  2:38  Probe  
  29  2:50  Probe  
  29  2:51  Probe  
  31  3:02  Probe  
  31  3:03  Probe  
  33  3:14  Probe  
  33  3:16  Probe  
  33  3:17  Stalker  
  37  3:25  Robotics Facility  
  37  3:26  Probe  
  38  3:28  Probe, Pylon  
  39  3:38  Probe  
  39  3:40  Probe  
  41  3:48  Forge  
  41  3:50  Probe, Forge  
  41  3:52  Probe  
  41  3:55  Pylon  
  43  4:03  Probe  
  43  4:07  Probe  
  45  4:10  Protoss Ground Weapons Level 1  
  45  4:12  Protoss Ground Armor Level 1, Observer  
  45  4:15  Probe  
  45  4:16  Nexus  
  47  4:18  Pylon  
  47  4:20  Probe  
  48  4:24  Stalker  
  48  4:27  Probe  
  51  4:36  Probe  
  52  4:41  Probe  
  52  4:42  Observer  
  52  4:43  Pylon  
  54  4:48  Probe  
  54  4:52  Stalker  
  57  4:53  Probe  
  58  5:00  Probe  
  58  5:05  Probe  
  58  5:07  Charge  
  60  5:13  Probe  
  61  5:14  Gateway  
  61  5:15  Gateway  
  61  5:17  Probe  
  61  5:22  Warp Prism  
  61  5:25  Probe  
  61  5:27  Gateway  
  64  5:29  Gateway  
  64  5:32  Pylon  
  64  5:35  Probe x2  
  66  5:38  Probe  
  66  5:41  Zealot  
  69  5:50  Pylon, Gateway  
  69  5:51  Pylon  
  69  5:54  Gateway  
  69  5:56  Observer, Pylon  
  69  6:00  Protoss Ground Weapons Level 2, Protoss Ground Armor Level 2  
  69  6:04  Gateway  
  69  6:06  Gateway  
  69  6:08  Gateway  
  69  6:10  Observer, Pylon  
  69  6:11  Pylon  
  69  6:22  Zealot  
  69  6:23  Zealot x4  
  79  6:40  Observer  
  79  6:46  Pylon  
  79  6:47  Pylon  
  79  6:49  Pylon  
  77  6:56  Nexus  
  77  7:07  Zealot x6  
  77  7:08  Zealot x4  
  96  7:16  Pylon  
  96  7:37  Zealot x6  
  96  7:38  Zealot x4  
  104  8:09  Zealot x10  
  116  8:21  Observer  
  113  8:28  Pylon  
  113  8:30  Stalker x4  
  113  8:31  Stalker x4  
  113  8:32  Sentry  
  113  8:33  Gateway  
  113  8:34  Sentry, Gateway  
  117  9:03  Zealot x3  
  117  9:04  Zealot x7  
  135  9:26  Stalker x3  
  135  9:27  Stalker  
  143  9:40  Zealot x8  
  136  9:54  Zealot x4  
  118  10:09  Zealot x2  
  118  10:10  Zealot x6  
  128  10:19  Stalker  
  130  10:38  Stalker  
  130  10:39  Zealot x6  
  130  10:40  Zealot x4  
  152  11:00  Zealot x2  
  152  11:01  Zealot x9  
  138  11:27  Stalker x6  
  138  11:28  Zealot x4  
Tags
 
Add a new tag
Caveats
  • Supply blocks, unpowered buildings, or Contaminate may cause inaccurate times.
  • Supply counts are checked every 10 seconds.